 Dungeon Crawl Stone Soup version 0.19-a0-1626-g5215c36 (webtiles) character file.

2287 jacquesderrida the Carver (level 9, -2/67 HPs)
             Began as a Vine Stalker Skald on Sept 18, 2016.
             Was a Priest of Okawaru.
             Slain by a hill giant
             ... wielding a +0 giant club
              (7 damage)
             ... on level 9 of the Dungeon.
             The game lasted 00:14:40 (2987 turns).

jacquesderrida the Carver (Vine Stalker Skald)      Turns: 2987, Time: 00:14:41

Health: -2/67      AC: 25    Str: 15    XL:     9   Next: 39%
Magic:  0/22       EV:  2    Int: 13    God:    Okawaru [***...]
Gold:   221        SH:  0    Dex: 16    Spells: 1 memorised, 11 levels left

rFire  . . .     SeeInvis .     f - +1 long sword
rCold  . . .     Gourm    .     (armour currently unavailable)
rNeg   + + +     Faith    .     (no shield)
rPois  +         Spirit   +     (helmet currently unavailable)
rElec  .         Dismiss  .     (cloak currently unavailable)
rCorr  .         Reflect  .     (gloves currently unavailable)
MR     +....     Harm     .     (boots currently unavailable)
Stlth  +......... NoTele   +    (no amulet)
                                (no ring)
                                m - ring of Xom's Sleight of Hands {MP+9 AC+1}

@: tree-form
A: (fangs 0), regeneration 1, magic shield, (antimagic bite), no device heal 3,
rot immunity
a: Heroism, Renounce Religion


You were on level 9 of the Dungeon.
You worshipped Okawaru.
Okawaru was most pleased with you.
You were hungry.
You were a tree.
You visited 1 branch of the dungeon, and saw 9 of its levels.
You also visited: Ossuary.

You collected 221 gold pieces.

Inventory:

Hand Weapons
 a - a +0 falchion
 f - a +1 long sword (weapon)
Missiles
 t - 2 throwing nets (quivered)
Armour
 b - a +0 leather armour
 g - a +1 scale mail (melded)
Jewellery
 m - the ring of Xom's Sleight of Hands (left branch) {MP+9 AC+1}
   (You found it on level 5 of the Dungeon)

   [ring of protection]

   It affects your AC (+1).
   It affects your magic capacity (+9).
 n - the ring of Sinix Gel {Fire +Blink rN++ Int-4 SInv}
   (You found it on level 5 of the Dungeon)

   [ring of fire]

   It enhances your fire magic.
   It affects your intelligence (-4).
   It protects you from fire.
   It makes you vulnerable to cold.
   It greatly protects you from negative energy.
   It lets you see invisible.
   It lets you blink.
Scrolls
 e - 6 scrolls of identify
 i - 3 scrolls of teleportation
 j - 2 scrolls of amnesia
 r - a scroll of remove curse
 y - a scroll of blinking
Potions
 h - 2 potions of flight
 l - a potion of magic
 p - 4 potions of curing
 z - a potion of brilliance
Books
 c - a book of Battle

   Spells                             Type                      Level
   a - Infusion                       Charms                       1
   b - Shroud of Golubria             Charms/Translocation         2
   c - Song of Slaying                Charms                       2
   d - Spectral Weapon                Hexes/Charms                 3
   e - Regeneration                   Charms/Necromancy            3
 k - a book of Cantrips

   Spells                             Type                      Level
   a - Confusing Touch                Hexes                        1
   b - Animate Skeleton               Necromancy                   1
   c - Summon Small Mammal            Summoning                    1
   d - Apportation                    Translocation                1
 u - a book of Burglary

   Spells                             Type                      Level
   a - Swiftness                      Charms/Air                   2
   b - Passwall                       Transmutation/Earth          2
   c - Passage of Golubria            Translocation                4
   d - Lee's Rapid Deconstruction     Earth                        5
   e - Darkness                       Hexes                        6
   f - Invisibility                   Hexes                        6
Comestibles
 d - 7 bread rations
 s - a meat ration
 w - 6 beef jerkies
 x - 25 fruits


   Skills:
 + Level 3.7 Fighting
 + Level 10.2 Long Blades
 - Level 0.7 Armour
 + Level 3.1 Dodging
 - Level 2.1 Spellcasting
 - Level 3.0 Charms


You had 11 spell levels left.
You knew the following spells:

 Your Spells              Type           Power        Failure   Level  Hunger
a - Infusion              Chrm           #...         10%         1    ##.....


Dungeon Overview and Level Annotations

Branches:
Dungeon (9/15)
 Temple: D:4-7         Lair: D:8-11         Orc: D:9-12

Altars:
Fedhas
Gozag
Nemelex Xobeh
Okawaru
Vehumet

Annotations:
D:5 Blork the orc


Innate Abilities, Weirdness & Mutations

((You have razor-sharp teeth.))
Your natural rate of healing is unusually fast.
When hurt, damage is shared between your health and your magic reserves.
((Your bite disrupts and absorbs the magic of your enemies.))
Potions and wands cannot restore your health.
You are immune to rotting.


Message History

The hill giant is heavily wounded.
The hill giant hits you with a giant club!!
You barely miss the hill giant.
The hill giant is heavily wounded.
You slash the hill giant!
The hill giant is severely wounded.
The hill giant hits you with a giant club!!
You hit the hill giant.
The hill giant is almost dead.
You hit the hill giant.
The hill giant is almost dead.
The hill giant hits you with a giant club!!
* * * LOW HITPOINT WARNING * * *
You hit the hill giant.
The hill giant is almost dead.
You hit the hill giant but do no damage.
The hill giant is almost dead.
You feel like a meek peon again.
The hill giant hits you with a giant club!
You die...

*,*,***,* ###.#### *#.##
*.....,,* *#.#.## *.# *,....#**
####.###.## *.# *,,C!..* #...#*
##.# ##+## *,,,...* #.##.###.##
##...## *,,,,..* #.###.#..#
##.....## #*,**#.* #.#....#.#
##.......#
**#...##.####.#.#....###.........
,,<............C♣......'.........
**#......####.#.#....###.........
##.....* #........# ##.......#
##...#* ###.###### ##.....##
##.#* #.# ##...## #.* #.# ##'##
#,* #.# #.# *** *,* #.#*******
#.# ,,** *,* *,,,,,,.,*####.####


You could see a hill giant.

Vanquished Creatures
  A centaur skeleton (D:8)
  A hungry ghost (D:7)
  Edmund (D:5)
  A water moccasin (D:8)
  3 ice beasts
  A black bear (D:6)
  An ogre (D:7)
  A centaur (D:6)
  A bullfrog (D:7)
  A scorpion (D:5)
  6 killer bees
  3 howler monkeys (D:7)
  A crimson imp (D:6)
  2 hounds
  A jelly (D:9)
  4 orc wizards
  2 orc priests
  An iguana (D:6)
  A worker ant (D:7)
  6 big kobold zombies (Ossuary)
  A hound zombie (D:6)
  A mummy (Ossuary)
  A howler monkey skeleton (D:4)
  3 gnolls (D:8)
  6 adders
  A shadow imp (D:7)
  An ooze (D:2)
  An adder zombie (D:5)
  A leopard gecko (D:3)
  8 orcs
  5 spectral bats (Ossuary)
  4 bat simulacra (Ossuary)
  6 gnoll zombies (Ossuary)
  2 goblins (D:1)
  4 hobgoblins
  A quokka (D:5)
  2 bats
  3 frilled lizards
  3 goblin simulacra (Ossuary)
  5 goblin zombies (Ossuary)
  4 hobgoblin zombies (Ossuary)
  3 kobolds
  A kobold simulacrum (Ossuary)
  4 kobold zombies (Ossuary)
  A leopard gecko skeleton (D:6)
  5 orc zombies (Ossuary)
  A rat (D:2)
  6 rat simulacra (Ossuary)
  A spectral goblin (Ossuary)
  5 spectral kobolds (Ossuary)
  3 spectral rats (Ossuary)
  A fungus (D:8)
133 creatures vanquished.

Notes
Turn   | Place    | Note
-------+----------+-------------------------------------------
     0 | D:1      | jacquesderrida the Vine Stalker Skald began the quest for the Orb.
     0 | D:1      | Reached XP level 1. HP: 11/11 MP: 4/4
    57 | D:1      | Reached skill level 2 in Long Blades
   144 | D:2      | Reached XP level 2. HP: 10/15 MP: 6/6
   262 | D:3      | Reached skill level 3 in Long Blades
   262 | D:3      | Reached XP level 3. HP: 8/18 MP: 3/7
   425 | D:3      | Found an iron altar of Okawaru.
   430 | D:3      | Became a worshipper of Warmaster Okawaru
   517 | D:3      | Found a radiant altar of Vehumet.
   551 | D:4      | Gained mutation: Your natural rate of healing is unusually fast. [Vine Stalker growth]
   551 | D:4      | Reached XP level 4. HP: 11/23 MP: 4/8
   690 | D:5      | Entered Level 5 of the Dungeon
   717 | D:4      | Reached skill level 4 in Long Blades
   723 | D:4      | Found a sparkling altar of Nemelex Xobeh.
   805 | D:5      | Reached XP level 5. HP: 11/26 MP: 9/9
   832 | D:5      | Got a slimy bronze ring
   849 | D:5      | Identified the ring of Xom's Sleight of Hands {MP+9 AC+1} (You found it on level 5 of the Dungeon)
   872 | D:5      | Found an opulent altar of Gozag.
   877 | D:5      | Got a glittering ivory ring
   879 | D:5      | Identified the ring of Sinix Gel {Fire +Blink rN++ Int-4 SInv} (You found it on level 5 of the Dungeon)
   916 | D:5      | Found a sand-covered staircase.
   924 | Ossuary  | Entered an ossuary
  1064 | Ossuary  | Reached skill level 5 in Long Blades
  1135 | Ossuary  | Reached XP level 6. HP: 30/30 MP: 10/10
  1413 | D:6      | Reached skill level 6 in Long Blades
  1453 | D:6      | Noticed an ice beast
  1530 | D:5      | Reached * piety under Okawaru
  1548 | D:5      | Noticed Blork the orc
  1620 | D:6      | Noticed an ice beast
  1652 | D:6      | Killed an ice beast
  1652 | D:6      | Reached XP level 7. HP: 15/34 MP: 11/11
  1740 | D:6      | Reached skill level 7 in Long Blades
  1750 | D:6      | Reached ** piety under Okawaru
  1804 | D:5      | Noticed Edmund
  1837 | D:5      | Killed Edmund
  2042 | D:6      | Reached skill level 8 in Long Blades
  2042 | D:6      | Gained mutation: You have razor-sharp teeth. [Vine Stalker growth]
  2042 | D:6      | Reached XP level 8. HP: 21/38 MP: 10/12
  2173 | D:7      | Reached skill level 9 in Long Blades
  2352 | D:7      | Reached *** piety under Okawaru
  2459 | D:7      | Found a blossoming altar of Fedhas.
  2556 | D:8      | Reached skill level 1 in Dodging
  2556 | D:8      | Reached XP level 9. HP: 38/43 MP: 13/13
  2657 | D:8      | Reached skill level 10 in Long Blades
  2911 | D:9      | Received a gift from Okawaru
  2962 | D:9      | Noticed a hill giant
  2987 | D:9      | Slain by a hill giant

Vault maps used:
D:1:      dpeg_arrival_tiny_a, serial_forest, infiniplex_forest_lined_2,
          infiniplex_forest_lined_3, infiniplex_forest_clump_medium,
          infiniplex_forest_zigzag_1, infiniplex_forest_clump_curved,
          infiniplex_forest_clump_medium, infiniplex_forest_lined_corner,
          infiniplex_forest_lined_2, kennysheep_small_spiral, amethyst_killhole,
          minivault_11, minmay_crystal_room
D:3:      lemuel_doored_altar, fiery_altar_vehumet, uniq_crazy_yiuf_cottage
D:4:      lemuel_crystal_altar, old_standard_altar, first_bread, uniq_grinder,
          uniq_menkaure, uniq_natasha
D:5:      grunt_gozag_statues, lightli_ossuary_entry_decrepit_ruins,
          kennysheep_generic_room_13, uniq_blork_the_orc, uniq_edmund
D:6:      hangedman_decor_slide_cut, grunt_decor_mini_mirrors,
          hangedman_abyss_or_decor_stagger
D:7:      minmay_door_square, grunt_ogre_cave, dk_vineyard_1, fedhas_altar_1
D:8:      minmay_gold_behind_fungi, serial_bayou_crossing
D:9:      yredelemnul_altar_generic, zin_purify, serial_shops, shop
Ossuary:  ossuary_zaba_two_paths

Skill      XL: |  1  2  3  4  5  6  7  8  9 |
---------------+----------------------------+-----
Long Blades    | 2 3 4 5 6 8 9 10 | 10.2
Fighting       | 2 3 |  3.7
Dodging        | 1 3 |  3.1
Armour         | |  0.7
Spellcasting   | |  2.1
Charms         | |  3.0

Action                   |  1- 3 |  4- 6 |  7- 9 || total
-------------------------+-------+-------+-------++-------
Melee: Falchion          |    84 |    16 |       ||   100
       Bite              |    17 |   101 |    95 ||   213
       Long sword        |       |   266 |   331 ||   597
 Cast: Infusion          |     1 |       |       ||     1
Invok: Heroism           |       |       |     2 ||     2
  Use: Scroll            |       |     9 |     8 ||    17
       Potion            |       |     1 |     1 ||     2
 Stab: Sleeping          |     1 |       |       ||     1
  Eat: Beef jerky        |       |     1 |       ||     1
       Chunk             |       |     2 |    10 ||    12
Armor: Leather armour    |    17 |       |       ||    17
       Scale mail        |     9 |    96 |   107 ||   212
       Skin              |       |       |     1 ||     1
Dodge: Dodged            |    44 |    90 |   114 ||   248
